 Dungeon Sprint DCSS version 0.29.0-7-g18a832c13a (webtiles) character file.

Game seed: 2276094862012220199

23 GigaChad the Shield-Bearer (level 2, -5/24 (31) HPs)
             Began as a Troll Fighter on Aug 30, 2022.
             Was an Initiate of Ashenzari.
             Killed by divine providence
             ... invoked by an orc priest
              (12 damage)
             ... in the Dungeon (Sprint VII: "The Pits").
             The game lasted 00:01:35 (145 turns).

GigaChad the Shield-Bearer (Troll Fighter)           Turns: 145, Time: 00:01:36

HP:   -5/24 (31)    AC:  4    Str: 23    XL:     2   Next: 75%
MP:   1/1           EV:  9    Int:  4    God:    Ashenzari [......]
Gold: 0             SH:  7    Dex:  9    Spells: 1/1 levels left

rFire   . . .      SeeInvis .   a - +0 long sword
rCold   . . .      Faith    .   c - +0 kite shield
rNeg    . . .      Spirit   .   b - +0 robe
rPois   .          Reflect  .   (helmet restricted)
rElec   .          Harm     .   (no cloak)
rCorr   .          Rampage  .   (gloves unavailable)
Will    .....      NoTele   +   (boots unavailable)
Stlth   +.........              (no amulet)
HPRegen 0.88/turn               (no ring)
MPRegen 0.07/turn               (no ring)

@: heavily drained
A: large, unfitting armour, claws 3, regeneration 1, shaggy fur 1, tough skin 1
a: Renounce Religion


You were in the Dungeon.
You worshipped Ashenzari.
Ashenzari was noncommittal.
You visited 1 branch

Inventory:

Hand Weapons
 a - a +0 long sword (weapon)
 k - a +2 falchion
 l - a +2 quarterstaff
 m - a +2 trident
Armour
 b - a +0 robe (worn)
 c - a +0 kite shield (worn)
Scrolls
 j - a scroll of blinking
 o - 5 scrolls of amnesia
 p - a scroll of summoning
Potions
 d - a potion of might
 e - a potion of curing
 f - a potion of heal wounds
 g - a potion of haste
 h - 4 potions of magic
 i - 3 potions of berserk rage
 n - 2 potions of invisibility


   Skills:
 + Level 3.3 Fighting
 + Level 2.6 Long Blades
 + Level 3.4 Dodging
 + Level 3.7 Shields


You had one spell level left.
You didn't know any spells.
Your spell library was empty.

Dungeon Overview and Level Annotations

Branches:
Dungeon (1/1)

Altars:
Ashenzari
Cheibriados
Dithmenos
Elyvilon
Fedhas
Gozag
Hepliaklqana
Kikubaaqudgha
Makhleb
Nemelex Xobeh
Okawaru
Qazlal
Ru
Sif Muna
Trog
Uskayaw
Vehumet
Wu Jian
Xom
Yredelemnul
Zin
The Shining One
Jiyva
Lugonu


Innate Abilities, Weirdness & Mutations

You are too large for most types of armour.
You have claws for hands.
Your natural rate of healing is unusually fast.
You are covered in fur. (AC +1)
You have tough skin. (AC +1)


Message History

A wight, an orc priest and a worm come into view.
The orc priest is wielding a +0 mace and wearing a +0 ring mail of cold resistance.
The bullfrog croaks.
A hobgoblin comes into view.
The wight moves out of view.
An orc wizard comes into view. It is wielding a +0 dagger.
There is an open door here.
The wight attacks as you move away! The wight hits you with a +0 dagger!
You feel drained. The wight attacks as you move away!
The wight completely misses you.
You barely miss the wight. The wight hits you with a +0 dagger.
You feel drained.
You barely miss the wight. The wight hits you with a +0 dagger. x2
You feel drained.
You slash the wight!
The wight is heavily damaged.
The wight hits you with a +0 dagger.
You feel drained.
You hit the wight but do no damage.
The wight is heavily damaged.
The orc wizard mumbles some strange words.
The orc wizard flickers and vanishes!
Deactivating autopickup; reactivate with Ctrl-A.
The wight hits you with a +0 dagger.
You feel drained.
You barely miss the wight.
The wight is heavily damaged.
The wight hits you with a +0 dagger.
* * * LOW HITPOINT WARNING * * *
You feel drained.
* * * LOW HITPOINT WARNING * * *
The orc priest looks encouraged for a moment.
The wight hits you but does no damage.
A wight comes into view. It is wielding a +5 battleaxe.
The orc wizard mumbles some strange words.
The orc wizard flickers and vanishes!
You barely miss the wight.
The wight is heavily damaged.
The orc priest invokes the aid of Beogh against you.
Beogh smites you!
Ouch! That really hurt!
You die...

#.?(.'.))'.##.....
##########.##.....
#...........'.....
#'#####'#####.....
#.#....†# #.....
#.#.).).# ####'#
#.###'### #.....
#.#..... #.....
#@#.....# #.....
#z####+## #...<.
#F# #..... #z#
#..... #{# #.....
#{o# ###### #oo..
##z#.# ...ow


You could see a bullfrog, 3 wights, an orc priest and 2 orcs.

Vanquished Creatures
  2 gnolls (D)
  A ball python (D)
  An endoplasm (D)
  A bat (D)
5 creatures vanquished.

Notes
Turn   | Place    | Note
-------+----------+-------------------------------------------
     0 | D        | GigaChad the Troll Fighter began the quest for the Orb.
     0 | D        | Reached XP level 1. HP: 22/22 MP: 0/0
    52 | D        | Found a bloodstained altar of Trog.
    52 | D        | Found a shimmering blue altar of Sif Muna.
    52 | D        | Found a viscous altar of Jiyva.
    52 | D        | Found a hazy altar of Hepliaklqana.
    52 | D        | Found an opulent altar of Gozag.
    53 | D        | Found a glowing golden altar of the Shining One.
    53 | D        | Found a glowing silver altar of Zin.
    53 | D        | Found a basalt altar of Yredelemnul.
    53 | D        | Found a shimmering altar of Xom.
    53 | D        | Found an ornate altar of the Wu Jian Council.
    53 | D        | Found a sacrificial altar of Ru.
    53 | D        | Found a stormy altar of Qazlal.
    53 | D        | Found an iron altar of Okawaru.
    53 | D        | Found a sparkling altar of Nemelex Xobeh.
    53 | D        | Found a burning altar of Makhleb.
    53 | D        | Found a blossoming altar of Fedhas.
    53 | D        | Found a white marble altar of Elyvilon.
    53 | D        | Found a shadowy altar of Dithmenos.
    53 | D        | Found a snail-covered altar of Cheibriados.
    55 | D        | Found a radiant altar of Vehumet.
    55 | D        | Found a corrupted altar of Lugonu.
    56 | D        | Found a hide-covered altar of Uskayaw.
    56 | D        | Found an ancient bone altar of Kikubaaqudgha.
    56 | D        | Found a broken altar of Ashenzari.
    66 | D        | Became a worshipper of Ashenzari the Shackled
    94 | D        | Reached XP level 2. HP: 26/31 MP: 1/1
   134 | D        | Noticed a wight
   134 | D        | Noticed a bullfrog
   135 | D        | Noticed a wight
   144 | D        | Noticed a wight
   145 | D        | Killed from afar by an orc priest

Illustrated notes

Levels and vault maps discovered:
D:        pitsprint [storerooms_1, entrance_room_1, metal_vault_5, armoury_1,
          mini_pit_1, grid_room_1, main_hall_1, silver_pit, the_coven_3,
          the_vestibule_1, steel_vault_3, golden_pit, hallway_of_sentries,
          crystal_vault_4, iron_vault_3, final_vault]

Skill      XL: |  1 |
---------------+----+-----
Fighting       | 3 |  3.3
Long Blades    | 2 |  2.6
Dodging        | 3 |  3.4
Shields        | 3 |  3.7

Action                   || total
-------------------------++-------
Melee: Long sword        ||    18
Armor: Robe              ||    13
Dodge: Dodged            ||    15
Block: Kite shield       ||    16
